 Dungeon Crawl Stone Soup version 0.27.0-1-g7a089689b8 (webtiles) character file.

Game seed: 8894097369294344507

274 Smaepdii the Poker (level 6, -3/48 HPs)
             Began as a Merfolk Gladiator on Aug 14, 2021.
             Killed by nerve-wracking pain
             ... invoked by Grinder
              (11 damage)
             ... on level 3 of the Dungeon.
             The game lasted 00:16:28 (3062 turns).

Smaepdii the Poker (Merfolk Gladiator)              Turns: 3062, Time: 00:16:29

Health: -3/48      AC: 11    Str: 14    XL:     6   Next: 24%
Magic:  6/6        EV: 14    Int:  8    God:
Gold:   100        SH:  8    Dex: 17    Spells: 5/5 levels left

rFire    . . .     SeeInvis .   a - +0 trident
rCold    . . .     Faith    .   k - +0 kite shield
rNeg     . . .     Spirit   .   g - +0 ring mail
rPois    .         Reflect  .   c - +0 helmet
rElec    .         Harm     .   (no cloak)
rCorr    .         Rampage  .   m - +0 pair of gloves
Will     .....                  (no boots)
Stlth    +.........             (no amulet)
HPRegen  0.16/turn              n - +4 ring of protection
MPRegen  0.10/turn              p - +4 ring of evasion

@: no status effects
A: (nimble swimmer 2), mertail
a: no special abilities


You were on level 3 of the Dungeon.
You visited 1 branch of the dungeon, and saw 3 of its levels.

You collected 100 gold pieces.

Inventory:

Hand Weapons
 a - a +0 trident (weapon)
Missiles
 b - 2 boomerangs of dispersal
 d - 2 throwing nets
 q - 3 poisoned darts (quivered)
 t - 3 boomerangs
Armour
 c - a +0 helmet (worn)
 g - a +0 ring mail (worn)
 k - a +0 kite shield (worn)
 m - a +0 pair of gloves (worn)
Jewellery
 j - a ring of protection from fire
 n - a +4 ring of protection (left hand)
 p - a +4 ring of evasion (right hand)
Scrolls
 h - 3 scrolls of identify {unknown}
 l - 2 scrolls of magic mapping {unknown}
 s - a scroll of teleportation {unknown}
Potions
 e - a potion of flight {unknown}
 f - 2 potions of heal wounds {unknown}
 i - a potion of lignification {unknown}
 o - a potion of brilliance {unknown}
 r - a potion of degeneration {unknown}


   Skills:
 + Level 3.7 Fighting
 * Level 7.3 Polearms
 - Level 2.0 Throwing
 + Level 5.4 Dodging
 + Level 1.7 Shields


You had 5 spell levels left.
You didn't know any spells.
Your spell library contained the following spells:

 Spells                   Type           Power      Damage    Failure   Level
 Freeze                   Ice            0%         1d3       99%         1
 Frozen Ramparts          Ice            0%         1d2       100%        3
 Hailstorm                Conj/Ice       0%         3d3       100%        4


Dungeon Overview and Level Annotations

Branches:
Dungeon (3/15)

Altars:
Ashenzari

Annotations:
D:3 Grinder


Innate Abilities, Weirdness & Mutations

((You are quick and stealthy near water. (Stealth+, EV+, Speed+++)))
Your lower body shifts to a powerful aquatic tail in water.


Message History

Grinder is severely wounded.
Grinder hits you.
You writhe in agony.
* * * LOW HITPOINT WARNING * * *
Throw: 3 throwing nets
Press: ? - help, Q - select action, (/) - cycle Shift-Dir - straight line, f/p - Grinder
Aim: Grinder (severely wounded, 57% to hit)
You throw a throwing net. The throwing net hits Grinder.
Grinder is caught in the net!
Grinder is severely wounded.
Grinder gestures at you. Pain shoots through your body!
* * * LOW HITPOINT WARNING * * *
Grinder struggles against the net.
Reach: a) +0 trident
Press: ? - help, Dir - move target, f/p - Grinder
Aim: Grinder (severely wounded, entangled in a net, about 14% to evade your +0 trident)
You reach to attack!
You hit Grinder.
Grinder is severely wounded.
Grinder gestures at you.
You suddenly lose the ability to move!
Grinder struggles against the net.
Grinder gestures at you. You resist with significant effort.
Grinder struggles against the net.
Grinder gestures at you.
You shrug off the repeated paralysis!
Grinder struggles against the net.
You can move again.
Throw: 5 darts (poison)
Press: ? - help, Q - select action, (/) - cycle Shift-Dir - straight line, f/p - Grinder
Aim: Grinder (severely wounded, entangled in a net, 86% to hit)
You throw a poisoned dart. The poisoned dart hits Grinder.
Grinder is poisoned.
Grinder is severely wounded.
Throw: 4 darts (poison)
Press: ? - help, Q - select action, (/) - cycle Shift-Dir - straight line, f/p - Grinder
Aim: Grinder (severely wounded, entangled in a net, poisoned, 86% to hit)
You throw a poisoned dart. The poisoned dart hits Grinder.
Grinder is severely wounded.
Grinder struggles against the net.
The net rips apart, and Grinder comes free!
Grinder gestures at you. Pain shoots through your body!
You die...

#. #.# #.#####.#.
#....... . .
################# #.. .
##. #(.........#.....
#.#.# #.. #5########.#g#
## #.#.# #.# #.# #.#.#
..#(#.###.#####.#
#.#....# >#....##.##..@(#
#.####.#
...........###########.#
# #####.#..##.#
#........#
#...#.#.###.#############
#.#.#...............#
####.#.#.#.###.#######.#
.....#...#.###.# #<#
...#####)..)...# #.#
#.####.).#.#[### #.#


You could see Grinder (poisoned).

Vanquished Creatures
  2 scorpions
  Jessica (D:3)
  3 gnolls (D:3)
  2 adders
  3 dart slugs (D:1)
  An orc (D:3)
  11 ball pythons
  5 endoplasms
  2 giant cockroaches
  8 goblins
  8 hobgoblins
  4 jackals
  3 quokkas (D:1)
  8 bats
  4 frilled lizards
  7 kobolds
  2 rats (D:1)
74 creatures vanquished.

Notes
Turn   | Place    | Note
-------+----------+-------------------------------------------
     0 | D:1      | Smaepdii the Merfolk Gladiator began the quest for the Orb.
     0 | D:1      | Reached XP level 1. HP: 16/16 MP: 1/1
    57 | D:1      | Reached XP level 2. HP: 23/23 MP: 2/2
   200 | D:1      | Reached skill level 5 in Polearms
   402 | D:1      | Reached XP level 3. HP: 28/28 MP: 3/3
   409 | D:1      | Found a faded altar of an unknown god.
  1115 | D:2      | Reached XP level 4. HP: 29/34 MP: 4/4
  1392 | D:2      | Noticed a scorpion
  1411 | D:1      | Reached skill level 6 in Polearms
  1593 | D:2      | Killed a scorpion
  1594 | D:2      | Reached skill level 5 in Dodging
  1594 | D:2      | Reached skill level 1 in Shields
  1594 | D:2      | Reached XP level 5. HP: 41/41 MP: 5/5
  1983 | D:3      | Reached skill level 7 in Polearms
  1987 | D:3      | Noticed Jessica
  2003 | D:3      | Reached XP level 6. HP: 42/47 MP: 6/6
  2018 | D:3      | Killed Jessica
  2339 | D:3      | Noticed Grinder
  2351 | D:3      | Paralysed by Grinder for 7 turns
  2789 | D:3      | Found a broken altar of Ashenzari.
  3055 | D:3      | Paralysed by Grinder for 4 turns
  3062 | D:3      | Killed from afar by Grinder

Illustrated notes

Levels and vault maps discovered:
D:1:      sevenhm_arrival_forest_fort_large_3, layout_loops_ring,
          hellmonk_ecumenical_altar_slurped_away
D:2:      minmay_wonky_spiral, layout_basic
D:3:      minmay_inner_zag, layout_loops_ring, ashenzari_conservatory_becter,
          serial_co_window_serial, co_window_paths_a, co_window_corner_a,
          co_window_of_opportunity_a, co_window_of_opportunity_a,
          co_window_paths_a, co_window_corner_b, co_window_of_opportunity_c,
          co_window_2corner, co_window_of_opportunity_c, co_window_4corner_b,
          co_window_paths_d, glass_columns_a, uniq_grinder, uniq_jessica

Skill      XL: |  1  2  3  4  5 |
---------------+----------------+-----
Polearms       | 5 6 7 |  7.3
Fighting       | 3 |  3.7
Dodging        | 5 |  5.4
Shields        | 1 |  1.7
Throwing       | |  2.0

Action                   |  1- 3 |  4- 6 || total
-------------------------+-------+-------++-------
Melee: Trident           |   105 |   158 ||   263
Throw: Throwing net      |     1 |     3 ||     4
       Boomerang         |       |     1 ||     1
       Dart              |       |    16 ||    16
Armor: Ring mail         |    24 |    43 ||    67
Dodge: Dodged            |    59 |    79 ||   138
Block: Kite shield       |       |    55 ||    55
